 Dungeon Sprint DCSS version 0.18-b1-14-g029dad2 (webtiles) character file.

1134 Kidiri the Covert (level 8, 0/41 (42) HPs)
             Began as a Spriggan Enchanter on Apr 30, 2016.
             Slain by a boulder beetle (41 damage)
             ... in the Dungeon (Sprint II: "The Violet Keep of Menkaure").
             The game lasted 00:01:47 (628 turns).

Kidiri the Covert (Spriggan Enchanter)               Turns: 628, Time: 00:01:47

HP:   0/41 (42)     AC:  2    Str:  4    XL:     8   Next: 14%
MP:   13/22         EV: 26    Int: 18    God:
Gold: 729           SH:  0    Dex: 17    Spells: 5 memorised, 13 levels left

rFire  . . .     SeeInvis +     a - +1 dagger
rCold  . . .     Gourm    .     b - +1 robe
rNeg   . . .     Faith    .     (shield restricted)
rPois  .         Spirit   .     (helmet restricted)
rElec  .         Dismiss  .     (no cloak)
rCorr  .         Reflect  .     (gloves unavailable)
SustAt .         Harm     .     (boots unavailable)
MR     +....     NoTele   +     (no amulet)
Stlth  ++++++....               (no ring)
                                (no ring)

@: very quick, somewhat resistant to hostile enchantments, very stealthy
A: unfitting armour, see invisible, deformed body, herbivore 3, speed 3, slow
metabolism 2
a: no special abilities


You were in the Dungeon.
You were not hungry.

You visited 1 branch You collected 729 gold pieces.

Inventory:

Hand Weapons
 a - a +1 dagger (weapon)
Armour
 b - a +1 robe (worn)
Scrolls
 j - a scroll of blinking
Potions
 e - a potion of curing
 f - a potion of heal wounds
 g - a potion of haste
 h - 2 potions of magic
Books
 c - a book of Maledictions

   Spells                             Type                      Level
   a - Corona                         Hexes                        1
   b - Ensorcelled Hibernation        Hexes/Ice                    2
   c - Confuse                        Hexes                        3
   d - Tukima's Dance                 Hexes                        3
   e - Dazzling Spray                 Conjuration/Hexes            3
Comestibles
 d - a bread ration


   Skills:
 + Level 4.0 Fighting
 * Level 8.2 Short Blades
 + Level 3.7 Armour
 * Level 10.8 Dodging
 * Level 12.1 Stealth
 * Level 9.4 Spellcasting
 + Level 2.1 Conjurations
 + Level 7.2 Hexes
 + Level 2.5 Ice Magic


You had 13 spell levels left.
You knew the following spells:

 Your Spells              Type           Power        Failure   Level  Hunger
a - Corona                Hex            ####...      1%          1    None
b - Ensorcelled Hibernat  Hex/Ice        ####..       1%          2    None
c - Confuse               Hex            ####....     1%          3    None
d - Tukima's Dance        Hex            ####....     1%          3    None
e - Dazzling Spray        Conj/Hex       ####....     3%          3    None


Dungeon Overview and Level Annotations

Branches:
Dungeon (1/1)

Altars:


Innate Abilities, Weirdness & Mutations

You are tiny and cannot use many weapons and most armour.
You have supernaturally acute eyesight.
You are a herbivore.
You cover ground extremely quickly.
You need consume almost no food.
Armour fits poorly on your strangely shaped body.


Message History

The boulder beetle is lightly wounded.
You hit the boulder beetle but do no damage.
The boulder beetle is lightly wounded.
The boulder beetle misses you.
You hit the boulder beetle but do no damage.
The boulder beetle is lightly wounded.
You strike the helpless boulder beetle from behind!
You impale the boulder beetle!!
The boulder beetle is heavily wounded.
The boulder beetle barely misses you. The boulder beetle misses you.
You hit the boulder beetle but do no damage.
The boulder beetle is heavily wounded.
You strike the helpless boulder beetle from behind!
You impale the boulder beetle!!
The boulder beetle is severely wounded.
You hit the boulder beetle.
The boulder beetle is almost dead.
The boulder beetle bites you!!!
Ouch! That really hurt!
You die...

## ## ##. .## ## #..
..# .# ####B#B####
.## ##.###@# #.##..#
#...##.###..#..#
+.#.+.<.'##.+..#
#.).##.##.#.#....#
##.###'###.##...§..≈
####...#### ≈.....≈
#..#..# §≈≈§§.≈
##.#.## §§≈§§.§
##+## §≈§≈≈≈≈


You could see 2 boulder beetles.

Vanquished Creatures
  A siren (D)
  4 neqoxecs (D)
  4 necrophages (D)
9 creatures vanquished.

Vanquished Creatures (others)
  A crocodile (D)
1 creature vanquished.

Grand Total: 10 creatures vanquished

Notes
Turn   | Place    | Note
--------------------------------------------------------------
     0 | D        | Kidiri the Spriggan Enchanter began the quest for the Orb.
     0 | D        | Reached XP level 1. HP: 9/9 MP: 5/5
     1 | D        | Noticed a boulder beetle
     1 | D        | Noticed a boulder beetle
     4 | D        | Noticed a siren
     7 | D        | Noticed a necrophage
     7 | D        | Noticed a necrophage
     7 | D        | Noticed a necrophage
     7 | D        | Noticed a necrophage
    15 | D        | Killed a necrophage
    15 | D        | Reached skill level 1 in Fighting
    15 | D        | Reached skill level 1 in Armour
    15 | D        | Reached skill level 5 in Dodging
    15 | D        | Reached skill level 7 in Stealth
    15 | D        | Reached skill level 5 in Spellcasting
    15 | D        | Reached XP level 2. HP: 4/15 MP: 5/9
    15 | D        | Reached XP level 3. HP: 5/18 MP: 5/10
    15 | D        | Reached XP level 4. HP: 6/23 MP: 6/12
    25 | D        | Killed a necrophage
    25 | D        | Reached skill level 5 in Short Blades
    25 | D        | Reached skill level 8 in Stealth
    25 | D        | Reached skill level 5 in Hexes
    25 | D        | Reached XP level 5. HP: 2/25 MP: 7/14
    29 | D        | Killed a necrophage
    29 | D        | Reached skill level 9 in Stealth
    33 | D        | Killed a necrophage
    33 | D        | Reached XP level 6. HP: 3/31 MP: 7/17
    62 | D        | Learned a level 2 spell: Ensorcelled Hibernation
    66 | D        | Learned a level 3 spell: Confuse
    70 | D        | Learned a level 3 spell: Tukima's Dance
    74 | D        | Learned a level 3 spell: Dazzling Spray
   443 | D        | Noticed a neqoxec
   450 | D        | Killed a siren
   450 | D        | Reached skill level 11 in Stealth
   450 | D        | Reached skill level 1 in Conjurations
   450 | D        | Reached skill level 1 in Ice Magic
   450 | D        | Reached XP level 7. HP: 35/35 MP: 18/20
   468 | D        | Killed a neqoxec
   468 | D        | Reached skill level 10 in Dodging
   475 | D        | Noticed a neqoxec
   475 | D        | Gained mutation: Armour fits poorly on your strangely shaped body. [a neqoxec]
   480 | D        | Noticed a neqoxec
   482 | D        | Noticed a neqoxec
   485 | D        | Killed a neqoxec
   492 | D        | Killed a neqoxec
   492 | D        | Reached XP level 8. HP: 36/41 MP: 5/22
   499 | D        | Reached skill level 12 in Stealth
   628 | D        | Slain by a boulder beetle

Skill      XL: |  1  2  3  4  5  6  7  8 |
---------------+-------------------------+-----
Fighting       | 1 2 3 4 |  4.0
Short Blades   | 3 5 6 7 8 |  8.2
Armour         | 1 2 3 |  3.7
Dodging        | 5 7 8 9 10 | 10.8
Stealth        | 7 8 9 11 12 | 12.1
Spellcasting   | 5 6 7 8 9 |  9.4
Hexes          | 4 5 6 7 |  7.2
Conjurations   | 1 2 |  2.1
Ice Magic      | 1 2 |  2.5

Action                   |  1- 3 |  4- 6 |  7- 9 || total
-------------------------+-------+-------+-------++-------
Melee: Dagger            |     5 |    19 |    18 ||    42
 Cast: Corona            |     1 |       |       ||     1
       Ensorcelled Hiber |       |       |     9 ||     9
       Confuse           |       |       |     4 ||     4
  Use: Potion            |     1 |       |       ||     1
 Stab: Sleeping          |       |     1 |     1 ||     2
       Confused          |       |       |     5 ||     5
Armor: Robe              |       |     1 |       ||     1
Dodge: Dodged            |     1 |     5 |     7 ||    13
